 Dungeon Crawl Stone Soup version 0.19-a0-1019-g9c6a58d (webtiles) character file.

289720 4thArraOfDagon the Tortoise (level 19, -3/120 HPs)
             Began as a Centaur Abyssal Knight on July 25, 2016.
             Was a Believer of Ashenzari.
             Slain by Cigotuvi's Monster (10 damage)
             ... in a wizard's laboratory.
             The game lasted 02:38:20 (26295 turns).

4thArraOfDagon the Tortoise (CeAK)                 Turns: 26295, Time: 02:38:21

Health: -3/120     AC: 47    Str: 11    XL:     19   Next: 0%
Magic:  13/20      EV:  7    Int: 16    God:    Ashenzari [**....]
Gold:   263        SH:  7    Dex: 12    Spells: 7 memorised, 4 levels left

rFire  + + +     SeeInvis +     G - +5 demon trident (elec)
rCold  + + +     Gourm    .     P - +7 chain mail of Sloth {rF++ rC+ Dex-2} (curse)
rNeg   + + .     Faith    .     s - +2 buckler
rPois  +         Spirit   .     A - +2 helmet {SInv}
rElec  +         Dismiss  +     S - +2 cloak {+Inv}
rCorr  .         Reflect  .     O - +1 pair of gloves "Qopiavag" {*Confuse +Inv rC+++ Regen+} (curse)
SustAt .         Harm     .     U - +4 centaur barding (curse)
MR     +++..     Rnd*Tele +     t - amulet "Camegits" {Dismiss rElec rPois Slay+3} (curse)
Stlth  ..........               E - ring "Coasain" {rPois rF+ rC+ Int+3 Dex+4} (curse)
                                v - ring "Vaefakh" {rN++ MR++ AC+5 Dex-3}

@: regenerating (expiring), repel missiles, very quick, extremely resistant to
hostile enchantments, extremely unstealthy
A: hooves 3, repulsion field 1, icy blue scales 1, agile 1, blurry vision 3,
clumsy 1, deformed body, dopey 1, fire resistance 2, speed 2, frail 2, low mp 3,
screaming 2, teleportitis 1, tough skin 3, weak 2
a: Curse Item, Scrying, Renounce Religion, Evoke Invisibility
}: 4/15 runes: decaying, serpentine, slimy, abyssal


You were in a wizard's laboratory.
You worshipped Ashenzari.
Ashenzari was pleased with you.
You were very full.

You visited 9 branches of the dungeon, and saw 44 of its levels.
You visited the Abyss 2 times.
You also visited: Labyrinth, Sewer, Volcano and Wizlab.

You collected 4117 gold pieces.
You spent 3854 gold pieces at shops.

Inventory:

Hand Weapons
 G - a +5 demon trident of electrocution (weapon)
Missiles
 n - 2 throwing nets (quivered)
Armour
 s - a +2 buckler (worn)
 A - a +2 helmet of see invisible (worn)
 O - the cursed +1 pair of gloves "Qopiavag" (worn) {*Confuse +Inv rC+++ Regen+}
   (You found it on level 5 of the Pits of Slime)

   It renders you almost immune to cold.
   It lets you turn invisible.
   It increases your rate of regeneration.
   It may confuse you when you take damage.
   It has a curse placed upon it.
 P - the cursed +7 chain mail of Sloth (worn) {rF++ rC+ Dex-2}
   (You found it on level 2 of the Orcish Mines)

   It affects your dexterity (-2).
   It greatly protects you from fire.
   It protects you from cold.
   It has a curse placed upon it.
 S - a +2 cloak of invisibility (worn)
 U - a cursed +4 centaur barding (worn)
Magical Staves
 u - an uncursed staff of wizardry {!a}
Jewellery
 o - the ring "Byddinn" {+Inv AC+3 Str+2 Dex+4}
   (You found it on level 5 of the Pits of Slime)

   [ring of protection]

   It affects your AC (+3).
   It affects your strength (+2).
   It affects your dexterity (+4).
   It lets you turn invisible.
 t - the cursed amulet "Camegits" (around neck) {Dismiss rElec rPois Slay+3}
   (You found it on level 3 of the Elven Halls)

   [amulet of dismissal]

   It may teleport away creatures that harm you.
   It affects your accuracy and damage with ranged weapons and melee attacks
   (+3).
   It insulates you from electricity.
   It protects you from poison.
   It has a curse placed upon it.
 v - the ring "Vaefakh" (left hand) {rN++ MR++ AC+5 Dex-3}
   (You bought it in a shop on level 1 of the Elven Halls)

   [ring of protection]

   It affects your AC (+5).
   It affects your dexterity (-3).
   It greatly protects you from negative energy.
   It affects your resistance to hostile enchantments.
 y - an uncursed ring of wizardry
 E - the cursed ring "Coasain" (right hand) {rPois rF+ rC+ Int+3 Dex+4}
   (You bought it in a shop on level 1 of the Elven Halls)

   [ring of poison resistance]

   It affects your intelligence (+3).
   It affects your dexterity (+4).
   It protects you from fire.
   It protects you from cold.
   It protects you from poison.
   It has a curse placed upon it.
Wands
 f - a wand of hasting (2/9)
 h - a wand of iceblast (10/15)
 x - a wand of disintegration (2/24)
 z - a wand of digging (18/24)
 M - a wand of disintegration (14/24)
Scrolls
 b - 3 scrolls of immolation
 d - 3 scrolls of identify
 i - a scroll of vulnerability
 m - 4 scrolls of fog
 p - a scroll of holy word
 q - 3 scrolls of teleportation
 D - 4 scrolls of recharging
 K - 3 scrolls of fear
 Q - 3 scrolls of blinking
 R - 2 scrolls of magic mapping
 V - 2 scrolls of remove curse
 X - a scroll of summoning
Potions
 g - a potion of haste
 k - 4 potions of cancellation
 l - 2 potions of curing
 r - 3 potions of agility
 w - 5 potions of brilliance
 C - 2 potions of cure mutation
 F - a potion of invisibility
 H - 4 potions of flight
 I - 2 potions of berserk rage
 N - 4 potions of ambrosia
 W - 4 potions of heal wounds
 Y - 2 potions of magic
Miscellaneous
 e - 2 phantom mirrors
 j - 2 sacks of spiders
 B - a fan of gales
 J - 2 boxes of beasts
 L - a phial of floods
 T - a lamp of fire
Comestibles
 a - 8 meat rations
 c - 16 bread rations


   Skills:
 - Level 9.0 Fighting
 - Level 14.0 Polearms
 * Level 15.5(17.4) Armour
 - Level 8.4 Dodging
 - Level 6.0 Shields
 - Level 7.1 Spellcasting
 - Level 2.6(3.9) Hexes
 - Level 7.3(8.9) Charms
 - Level 7.0(8.5) Necromancy
   Level 11.1 Invocations
 - Level 5.6(7.1) Evocations


You had 4 spell levels left.
You knew the following spells:

 Your Spells              Type           Power        Failure   Level  Hunger
a - Silence               Hex/Air        ##........   100%        5    #####..
b - Repel Missiles        Chrm/Air       ###...       38%         2    None
c - Haste                 Chrm           ####....     100%        6    #######
d - Regeneration          Chrm/Necr      ####......   14%         3    ##.....
e - Spectral Weapon       Hex/Chrm       ####....     34%         3    ##.....
f - Apportation           Tloc           #.........   98%         1    None
g - Controlled Blink      Tloc           N/A          100%        8    #######


Dungeon Overview and Level Annotations

Branches:
Dungeon (15/15)            Temple (1/1) D:4            Lair (6/6) D:8
  Swamp (4/4) Lair:4        Snake (4/4) Lair:4        Slime (5/5) Lair:6
    Orc (2/2) D:11            Elf (3/3) Orc:2        Depths (4/5) D:15
 Vaults: D:13-14

Altars:
Ashenzari
Cheibriados
Dithmenos
Elyvilon
Fedhas
Hepliaklqana
Makhleb
Nemelex Xobeh
Okawaru
Qazlal
Ru
Trog
Uskayaw
Xom
Yredelemnul
Zin
The Shining One
Lugonu

Shops:
D:6 :   D:10 (   Orc:1 [   Orc:2 ??:((   Elf:1 =   Elf:3 *}(!?=}

Portals:
Hell: Depths:3
Abyss: Depths:3

Annotations:
D:14 corrupted
Lair:4 HYDRA POND, exclusion: 2 oklob plants
Lair:5 exclusion: upstairs
Swamp:1 corrupted
Swamp:4 corrupted
Snake:1 corrupted
Snake:2 corrupted
Snake:4 corrupted, 1 exclusion
Orc:1 corrupted
Orc:2 corrupted
Elf:2 11 runed doors
Elf:3 corrupted
Depths:2 Mara


Innate Abilities, Weirdness & Mutations

You have hooves in place of feet.
Armour fits poorly on your strangely shaped body.
You cover ground very quickly.
You have extremely tough skin. (AC +3)
You are surrounded by a mild repulsion field. (EV +2)
You are partially covered in icy blue scales. (AC +1)
You are agile. (Dex +2)
Your flesh is very heat resistant. (rF++)
[Scrolls take you much longer to read.]
[You are clumsy. (Dex -2)]
[You are dopey. (Int -2)]
[You are very frail. (-20% HP)]
[Your magical capacity is extremely low. (-30% MP)]
[You sometimes yell uncontrollably at your foes.]
[You are occasionally teleported next to monsters.]
[You are very weak. (Str -4)]


Message History

You block the tentacled starspawn's attack.
Unknown command.
Unknown command.
Really read with blurry vision while enemies are nearby? [Y]es or [N]o only, please.
Really read with blurry vision while enemies are nearby? [Y]es or [N]o only, please.
Really read with blurry vision while enemies are nearby?
Cigotuvi's Monster hits you but does no damage.
Cigotuvi's Monster tramples you!
* * * LOW HITPOINT WARNING * * *
You hold your ground!
You block Cigotuvi's Monster's attack.
The small abomination hits you but does no damage.
You block the tentacled starspawn's attack.
The tentacled starspawn engulfs you but does no damage.
You begin reading the scroll.
You continue reading the scroll.
Your skin is crawling a little less now.
Cigotuvi's Monster hits you but does no damage.
You block Cigotuvi's Monster's attack. Cigotuvi's Monster stings you!
You die...

##...# ###...####§§#§
#...#### ##'######§#.
#......###...##..####
####.........#....e#.
######...####....p#.
##.#####'## ####..#.
#.::.#X..# ####.#.
#..(.XX..## ##..####
#.:H@##...# ##§.§.##.
##.x####..# #§§§§§.#.
#### #..# #§.§§§...
#..# ##.§§§##. ##u#
###§.####
.X..{....##.######.
.H.u.....##......#.
.........##......).
.X........##.....#.


You could see a tentacled starspawn, Cigotuvi's Monster, 2 large abominations, a
small abomination and a friendly spectral demon trident of electrocution.

Vanquished Creatures
  the Royal Jelly (Slime:5)
  Rupert (Lair:5)
  18 acid blobs
  A tentacled starspawn (Abyss:4)
  5 greater nagas
  13 azure jellies
  2 very ugly things (WizLab)
  Nessos (Lair:5)
  2 deep elf demonologists (Elf:3)
  An entropy weaver (Lair:4)
  3 ettins
  5 deep elf death magi
  A merfolk javelineer (Depths:2)
  A minotaur (Lab)
  3 fire dragons
  8 great orbs of eyes
  8 death oozes
  Fannar (Lair:1)
  Josephine (Swamp:1)
  2 rakshasas
  A merfolk impaler (Depths:1)
  Erolcha (D:11)
  A deep elf high priest (Elf:1)
  An ice dragon (Depths:2)
  4 naga warriors
  An anaconda (Snake:2)
  A catoblepas (Lair:4)
  11 hydras
  A ghost crab (Swamp:4)
  7 dancing weapons
  An anaconda (shapeshifter) (Elf:1)
  5 alligators
  A queen ant (Lair:4)
  2 deep troll earth magi (Depths:3)
  2 tengu warriors
  A vampire mage (D:15)
  An orc high priest (Orc:1)
  2 shock serpents (Snake:4)
  An iron golem (WizLab)
  3 deep elf knights
  5 naga sharpshooters
  Urug (D:11)
  7 thrashing horrors (Abyss:4)
  Sonja (D:12)
  3 hell knights (Depths:3)
  A skeletal warrior (D:15)
  A spatial maelstrom (Abyss:4)
  5 unseen horrors
  A spriggan druid (Swamp:3)
  5 wretched stars
  8 deep trolls
  2 sea snakes (Snake:1)
  4 naga ritualists (Snake:4)
  A wizard (Swamp:4)
  2 shambling mangroves (Swamp:3)
  2 swamp dragons
  A tengu zombie (D:15)
  9 large abominations
  9 deep elf archers
  33 deep elf magi
  3 hill giants
  2 lindwurms
  3 orc knights
  6 necromancers
  A fire giant zombie (D:15)
  An orc sorcerer (Orc:1)
  5 shining eyes
  5 mana vipers
  A hornet (shapeshifter) (Depths:2)
  12 ugly things
  An oklob plant (Lair:1)
  A frost giant skeleton (D:15)
  2 cyclopes (D:14)
  3 salamanders
  71 slime creatures
  2 centaur zombies
  16 black mambas
  11 elephants
  2 eyes of devastation
  A gargoyle (D:14)
  A torpor snail (Lair:6)
  A smoke demon (Abyss:4)
  9 spiny frogs
  2 molten gargoyles (Volcano)
  4 guardian serpents (Snake:4)
  2 naga magi
  A centaur skeleton (D:12)
  A yaktaur zombie (D:15)
  2 rime drakes
  6 komodo dragons
  3 kobold demonologists (D:10)
  5 yaktaurs (Depths:3)
  An elf (WizLab)
  4 trolls
  A guardian mummy (D:15)
  5 polar bears (Lair:6)
  2 ancient zymes
  4 giant leeches
  2 two-headed ogres
  6 bog bodies
  11 blink frogs
  A meliai zombie (D:12)
  2 redbacks (Lair:6)
  A spriggan (shapeshifter) (Elf:1)
  17 spriggans
  2 ynoxinuls (Abyss:4)
  A vampire (D:15)
  3 shadows
  5 water elementals
  2 air elementals (Elf:3)
  A wyvern (Lair:6)
  6 wraiths
  A basilisk (shapeshifter) (WizLab)
  2 fire elementals
  40 yaks
  7 hippogriffs
  A hog (shapeshifter) (WizLab)
  A golden eye (Slime:5)
  2 hungry ghosts
  2 neqoxecs (Abyss:4)
  2 mottled dragons
  18 nagas
  17 swamp worms
  19 soldier ants (Lair:4)
  7 insubstantial wisps (Swamp:3)
  10 water moccasins
  3 porcupines
  17 orc warriors
  5 sky beasts
  9 eyes of draining
  2 ice beasts
  3 swamp drakes
  A black bear (Lair:6)
  16 wasps
  3 boggarts (Lair:6)
  6 phantoms
  10 ogres
  5 centaurs
  27 wolves
  8 crocodiles
  3 big kobolds
  2 earth elementals
  19 giant frogs
  2 wyvern zombies
  3 scorpions
  15 small abominations
  A troll zombie (D:11)
  10 wights
  3 electric eels
  2 howler monkeys
  A lava snake (Volcano)
  7 crimson imps
  A giant frog zombie (D:8)
  8 starcursed masses
  2 giant frog skeletons
  5 hounds
  7 jellies
  7 orc priests
  5 iguanas
  Ijyb (D:2)
  9 orc wizards
  2 hell rats (Lair:2)
  28 worker ants
  19 sheep
  5 ogre zombies (D:11)
  A howler monkey zombie (D:9)
  2 worker ant zombies
  3 gnolls (D:7)
  17 river rats
  8 adders
  5 shadow imps
  4 oozes
  An adder zombie (D:7)
  A worm (D:3)
  6 giant geckos
  48 orcs
  4 ball pythons (Sewer)
  6 giant cockroaches
  3 goblins
  3 hobgoblins
  6 jackals
  6 quokkas
  3 bats
  4 giant newts
  A goblin skeleton (D:11)
  A goblin zombie (D:11)
  A hobgoblin skeleton (D:11)
  2 hobgoblin zombies (D:11)
  2 jackal zombies
  26 kobolds
  3 orc skeletons (D:11)
  12 orc zombies
  A quokka skeleton (D:9)
  28 rats
  A fungus (Lair:6)
1110 creatures vanquished.

Vanquished Creatures (others)
  Vashnia (Snake:4)
  2 deep elf blademasters (Elf:3)
  2 deep elf master archers (Elf:3)
  Agnes (Snake:2)
  A thorn hunter (Swamp:4)
  3 greater nagas
  5 deep elf sorcerers (Elf:3)
  An orc warlord (Orc:2)
  Aizul (Snake:2)
  The ghost of p0werm0de the Warrior, a journeyman DsBe of Trog (Swamp:1)
  6 deep elf elementalists (Elf:3)
  The ghost of Xiguana the Fencer, a journeyman HEFi of Ashenzari (Orc:1)
  6 deep elf demonologists (Elf:3)
  An entropy weaver (Lair:4)
  5 deep elf annihilators (Elf:3)
  6 deep elf death magi (Elf:3)
  A deep elf high priest (Elf:3)
  2 ogre magi (Orc:2)
  A great orb of eyes (Snake:4)
  5 hydras (Swamp:4)
  The ghost of 4thArraOfDagon the Carver, a journeyman CeAK of Lugonu (D:14)
  6 anacondas
  6 naga warriors
  2 centaur warriors (D:14)
  2 alligators
  6 naga sharpshooters
  A spriggan berserker (Swamp:4)
  2 shock serpents (Snake:4)
  An orc high priest (Orc:2)
  A salamander mystic (Snake:4)
  A deep troll (Orc:2)
  3 swamp dragons (Swamp:4)
  4 naga ritualists
  2 shambling mangroves (Swamp:4)
  4 hill giants
  An unseen horror (Abyss:4)
  An orc knight (Orc:1)
  2 deep elf archers
  2 deep elf magi (Orc:2)
  2 mana vipers (Snake:4)
  2 cyclopes (Orc:2)
  3 hornets (Swamp:4)
  7 salamanders
  2 orc sorcerers (Orc:2)
  A guardian serpent (Snake:4)
  14 black mambas
  7 naga magi
  3 gargoyles
  11 trolls
  A giant leech (Swamp:4)
  5 bog bodies (Swamp:4)
  8 two-headed ogres
  A vampire (D:8)
  3 insubstantial wisps (Swamp:1)
  29 nagas
  3 swamp worms
  A warg (Orc:2)
  6 orc warriors
  3 small abominations
  7 swamp drakes (Swamp:4)
  An ice beast (D:14)
  3 wasps (Swamp:4)
  17 ogres
  7 centaurs
  3 electric eels (Snake:1)
  3 orc priests
  6 orc wizards
  8 orcs
  A crawling corpse (Elf:3)
  14 fungi
  11 plants
  37 spectral weapons
  24 starspawn tentacles
  248 starspawn tentacle segments
602 creatures vanquished.

Grand Total: 1712 creatures vanquished

Notes
Turn   | Place    | Note
-------+----------+-------------------------------------------
     0 | Abyss:1  | 4thArraOfDagon the Centaur Abyssal Knight began the quest for the Orb.
     0 | Abyss:1  | Reached XP level 1. HP: 19/19 MP: 2/2
    39 | Abyss:1  | Noticed a neqoxec
    40 | Abyss:1  | Noticed a dire elephant skeleton
    60 | Abyss:1  | Noticed an ancient zyme
    63 | Abyss:1  | Noticed a small abomination
    82 | Abyss:1  | Noticed a crimson imp
    85 | Abyss:1  | Noticed an ancient zyme
    98 | Abyss:1  | Noticed a ynoxinul
   103 | Abyss:1  | Noticed a worldbinder
   105 | Abyss:1  | Noticed a soul eater
   112 | Abyss:1  | Noticed a small abomination
   121 | Abyss:1  | Noticed a jumping spider
   121 | Abyss:1  | Noticed a large abomination
   159 | Abyss:2  | Noticed a smoke demon
   226 | Abyss:3  | Found a hide-covered altar of Uskayaw.
   249 | Abyss:3  | Noticed a quasit
   250 | Abyss:3  | Noticed a hell knight
   269 | Abyss:3  | Noticed a large abomination
   287 | Abyss:3  | Noticed a raiju
   292 | Abyss:3  | Noticed a thrashing horror
   294 | D:1      | Escaped the Abyss
   297 | D:1      | :(
   409 | D:2      | Reached * piety under Lugonu
   487 | D:2      | Noticed Ijyb
   525 | D:2      | Killed Ijyb
   525 | D:2      | Reached XP level 2. HP: 19/26 MP: 4/4
   525 | D:2      | Reached XP level 3. HP: 23/31 MP: 5/5
   627 | D:3      | Found a glowing drain.
   650 | Sewer    | Entered a sewer
   671 | Sewer    | Turgon: ?? sewer
   675 | Sewer    | beem: sewer[1/4]: The Sewers, initially conceived by Eino Keskitalo, who apparently had some to spare. They are timed and will disappear eventually if you do not enter them. Usually contains rats, kobolds, adders. A couple layouts have giant frogs.
   883 | Sewer    | Reached ** piety under Lugonu
   883 | Sewer    | Reached XP level 4. HP: 35/38 MP: 6/6
   964 | Sewer    | Reached skill level 2 in Armour
   973 | Sewer    | Turgon: ?? bread swinging
   974 | Sewer    | beem: bread swinging ~ breadswinging[1/1]: attacking empty spaces while wielding a loaf of bread instead of "5"-resting increases your score.
  1144 | Sewer    | Turgon: ?? river rat
  1160 | Sewer    | beem: river rat[1/2]: A significantly tougher rat that appears in bands. Their corpses are poisonous, but their attacks are not.
  1195 | Sewer    | Turgon: @? river rat
  1198 | Sewer    | beem: river rat (r)
                  | Spd:
    10 | HD: 2    | HP: 9-13
                  | AC/EV: 5/11
                  | Dam: 10
                  | amphibious
                  | Res: magic(10), drown
                  | Chunks: noxious
                  | XP:
    13 | Sz: tiny | Int: animal.
  1206 | Sewer    | Noticed a big kobold
  1232 | Sewer    | Killed a big kobold
  1232 | Sewer    | Reached XP level 5. HP: 24/45 MP: 7/7
  1428 | Sewer    | Reached XP level 6. HP: 42/51 MP: 8/8
  1520 | D:3      | Turgon: ?? gold
  1520 | D:3      | beem: gold[1/1]: Found on the floor, used in shops to buy stuff. {Zin} takes tithes, and {Gozag} lets you exchange gold for divine assistance. Doesn't count toward your score (but it used to.)
  1532 | D:3      | Reached *** piety under Lugonu
  1948 | D:3      | Found a stormy altar of Qazlal.
  1960 | D:4      | Found a staircase to the Ecumenical Temple.
  1980 | D:5      | Entered Level 5 of the Dungeon
  2006 | D:5      | Turgon: @? orc
  2006 | D:5      | beem: orc (o)
                  | Spd:
    10 | HD: 1    | HP: 6-8
                  | AC/EV: 1/9
                  | Dam: 5
                  | weapons, items, doors
                  | XP:
     3 | Sz: Medium | Int: human.
  2042 | D:5      | Reached skill level 3 in Armour
  2119 | D:5      | Turgon: @? orc warrior
  2122 | D:5      | beem: orc warrior (o)
                  | Spd:
    10 | HD: 4    | HP: 23-32
                  | AC/EV: 9/10
                  | Dam: 20
                  | weapons, items, doors, fighter
                  | Res: magic(20)
                  | XP:
   132 | Sz: Medium | Int: human.
  2151 | D:5      | Reached **** piety under Lugonu
  2219 | D:6      | Found Goremuan's Book Emporium.
  2370 | D:6      | Reached skill level 5 in Polearms
  2370 | D:6      | Reached XP level 7. HP: 40/57 MP: 10/10
  2476 | D:8      | Found an iron altar of Okawaru.
  2509 | D:8      | Noticed a hippogriff
  2530 | D:9      | Turgon: @? hippogriff
  2532 | D:9      | beem: hippogriff (H)
                  | Spd:
    10 | HD: 7    | HP: 32-44
                  | AC/EV: 2/7
                  | Dam: 10, 8, 8
                  | fly
                  | Res: magic(20)
                  | XP:
   184 | Sz: Large | Int: animal.
  2629 | D:10     | Entered Level 10 of the Dungeon
  2798 | D:9      | Found a glowing silver altar of Zin.
  2864 | D:9      | HP: 2/57 [orc warrior/glaive (4)]
  3181 | D:9      | Reached skill level 5 in Invocations
  3223 | D:9      | Reached XP level 8. HP: 63/63 MP: 10/11
  3308 | D:9      | Reached skill level 4 in Armour
  3336 | D:9      | Found a bloodstained altar of Trog.
  3596 | D:10     | Found Dacex's Weapon Boutique.
  3606 | D:10     | :(
  3708 | D:10     | Noticed a hill giant
  3712 | D:10     | Banished a hill giant
  3753 | D:11     | Noticed a two-headed ogre
  3798 | D:11     | Noticed a gargoyle
  3801 | D:11     | Banished a gargoyle
  4030 | D:13     | Turgon: ?? wand of paralysis
  4032 | D:13     | beem: wand of paralysis[1/1]: A wand that {paralyse}s the target. Makes early monsters much more dangerous; less of a threat later on, because your MR increases. Paralysed monsters can be stabbed like they're asleep.
  4072 | D:14     | Gained mutation: [You are weak. (Str -2)] [potion of mutation]
  4072 | D:14     | Gained mutation: Your mind is acute. (Int +2) [potion of mutation]
  4072 | D:14     | Gained mutation: Your flesh is heat resistant. (rF+) [potion of mutation]
  4096 | D:14     | Reached XP level 9. HP: 65/69 MP: 13/13
  4151 | D:14     | Noticed a centaur warrior
  4152 | D:14     | Banished a centaur warrior
  4152 | D:14     | Reached skill level 1 in Evocations
  4158 | D:14     | Noticed a centaur warrior
  4159 | D:14     | Corrupted D:14
  4159 | D:14     | Noticed a shining eye
  4159 | D:14     | Noticed an efreet
  4159 | D:14     | Noticed a starcursed mass
  4159 | D:14     | Noticed a rust devil
  4161 | D:14     | Noticed an efreet
  4162 | D:14     | Noticed a thrashing horror
  4165 | D:14     | Noticed an orc sorcerer
  4167 | D:14     | Killed a centaur warrior
  4169 | D:14     | Noticed a large abomination
  4171 | D:14     | Found a labyrinth entrance.
  4193 | D:14     | Noticed a troll
  4213 | D:14     | Killed a troll
  4222 | D:14     | Noticed a worldbinder
  4226 | Lab      | Entered a labyrinth
  4426 | Lab      | Turgon: @? mino
  4428 | Lab      | beem: unknown monster: "mino"
  4451 | Lab      | Turgon: @? minotaur
  4454 | Lab      | beem: minotaur (H)
                  | Spd:
    10 | HD: 13   | HP: 60-84
                  | AC/EV: 14/4 (headbutt: d20-1)
                  | Dam: 35, 20
                  | weapons, items, doors, fighter
                  | Res: magic(60)
                  | XP:
  1086 | Sz: Medium | Int: human.
  4539 | Lab      | Noticed a minotaur
  4589 | Lab      | Killed a minotaur
  4589 | Lab      | Reached skill level 5 in Armour
  4591 | Lab      | Got a polished plate armour
  4627 | Lab      | Identified the Grimoire of Talismans (You found it in a labyrinth)
  4636 | Lab      | Learned a level 5 spell: Silence
  4636 | Lab      | Turgon: demon blade, demon trident!
  4648 | Lab      | Turgon: demonic lab
  4658 | Lab      | Identified the cursed +1 plate armour of the Salmon {rF+ rC+ Dex+4} (You took it off a minotaur in a labyrinth)
  4661 | Lab      | Turgon: dTrident elec!
  4662 | Lab      | Turgon: good one
  4663 | Lab      | 4thArraOfDagon: $$$$
  4670 | D:14     | Noticed a ghost crab
  4670 | D:14     | Noticed 4thArraOfDagon's ghost (journeyman CeAK)
  4682 | D:14     | Noticed a water nymph
  4682 | D:14     | Turgon: lol
  4682 | D:14     | Banished 4thArraOfDagon's ghost
  4684 | D:14     | Turgon: your ghost
  4692 | D:15     | Entered Level 15 of the Dungeon
  4692 | D:15     | Noticed an unseen horror
  4702 | D:15     | Killed an unseen horror
  4702 | D:15     | Reached XP level 10. HP: 58/77 MP: 14/15
  4722 | D:15     | Noticed a green ugly thing
  4725 | D:15     | Noticed a green ugly thing
  4725 | D:15     | Noticed a green ugly thing
  4761 | D:13     | Noticed a centaur warrior
  4761 | D:13     | Noticed an unseen horror
  4889 | D:12     | Noticed a gargoyle
  4889 | D:12     | Turgon: ?? elec
  4890 | D:12     | beem: electrocution[1/1]: Weapon brand that causes your weapon to blast your target with an explosion of sparks on 1 out of every 3 hits, doing 8-20 additional damage (which ignores AC). Does not work on targets with rElec.
  4890 | D:12     | Banished a gargoyle
  4894 | D:12     | Noticed an unseen horror
  4900 | D:12     | Killed an unseen horror
  4961 | D:12     | Reached skill level 10 in Polearms
  4988 | D:12     | Reached skill level 6 in Armour
  5070 | D:12     | Noticed a hill giant
  5071 | D:12     | Banished a hill giant
  5088 | D:12     | Turgon: @? titanice
  5089 | D:12     | beem: unknown monster: "titanice"
  5094 | D:12     | Turgon: @? titanic
  5096 | D:12     | beem: unknown monster: "titanic"
  5132 | D:12     | Turgon: @? titanic slime creature
  5133 | D:12     | beem: titanic slime creature (J)
                  | Spd:
    10 | HD: 11   | HP: 260-350
                  | AC/EV: 1/4
                  | Dam: 110
                  | amphibious, regen, unbreathing
                  | Res: magic(40), poison, drown
                  | XP:
  1320 | Sz: Giant | Int: brainless.
  5142 | D:12     | Got a faintly humming scale mail
  5169 | D:12     | Learned a level 2 spell: Repel Missiles
  5308 | D:11     | Found a staircase to the Orcish Mines.
  5480 | D:11     | Noticed a hill giant
  5499 | D:11     | Killed a hill giant
  5499 | D:11     | Reached XP level 11. HP: 66/82 MP: 17/17
  5533 | Orc:1    | Entered Level 1 of the Orcish Mines
  5533 | Orc:1    | Found Kasetobb's Antique Armour Shop.
  5533 | Orc:1    | Noticed an orc knight
  5534 | Orc:1    | Corrupted Orc:1
  5534 | Orc:1    | Noticed a giant orange brain
  5534 | Orc:1    | Noticed a giant orange brain
  5534 | Orc:1    | Noticed a starcursed mass
  5538 | Orc:1    | Noticed an orc knight
  5538 | Orc:1    | Noticed Xiguana's ghost (journeyman HEFi)
  5545 | Orc:1    | Killed an orc knight
  5554 | Orc:1    | Killed an orc knight
  5564 | Orc:1    | Killed Xiguana's ghost
  5577 | Orc:1    | Bought a pair of runed gloves for 171 gold pieces
  5719 | Orc:2    | Entered Level 2 of the Orcish Mines
  5750 | Orc:2    | Noticed a deep troll
  5816 | Orc:1    | Killed a deep troll
  5923 | D:11     | Noticed Urug
  5984 | D:11     | Turgon: Urug is referred to as "she" (!)
  5995 | D:11     | Noticed a large abomination
  5996 | D:11     | Noticed Erolcha
  6019 | D:11     | Killed a large abomination
  6030 | D:11     | Killed Erolcha
  6032 | D:11     | Reached skill level 7 in Armour
  6159 | D:11     | Noticed a large abomination
  6225 | D:11     | Turgon: Keep this char
  6268 | D:12     | Turgon: It is too good for dying
  6319 | D:12     | Identified the +6 scale mail of the Present {Dex+2} (You found it on level 12 of the Dungeon)
  6429 | D:12     | Noticed a red ugly thing
  6488 | D:12     | Killed a red ugly thing
  6497 | D:12     | Lost mutation: [You are weak. (Str -2)] [mutagenic meat]
  6500 | D:12     | Gained mutation: You are partially covered in icy blue scales. (AC +1) [mutagenic meat]
  6503 | D:12     | Gained mutation: [Your magical capacity is low. (-10% MP)] [mutagenic meat]
  6690 | D:12     | Noticed Sonja
  6697 | D:12     | Reached skill level 10 in Invocations
  6701 | D:12     | Killed Sonja
  6732 | D:12     | Gained mutation: Your spells are a little easier to cast, but a little less powerful. [potion of mutation]
  6732 | D:12     | Gained mutation: You are robust. (+10% HP) [potion of mutation]
  6968 | D:10     | Gained mutation: [You are weak. (Str -2)] [mutagenic meat]
  6971 | D:10     | Gained mutation: You are covered in fur. (AC +1) [mutagenic meat]
  6974 | D:10     | Lost mutation: You are robust. (+10% HP) [mutagenic meat]
  7013 | D:10     | LUCY
  7111 | D:10     | Found a corrupted altar of Lugonu.
  7351 | D:11     | Killed Urug
  7351 | D:11     | Reached XP level 12. HP: 79/89 MP: 17/17
  7396 | Orc:2    | Corrupted Orc:2
  7396 | Orc:2    | Noticed a bone dragon
  7396 | Orc:2    | Noticed a bone dragon
  7396 | Orc:2    | Noticed a rakshasa
  7401 | Orc:2    | Noticed an orc warlord
  7419 | Orc:2    | Noticed a cacodemon
  7419 | Orc:2    | Killed an orc warlord
  7429 | Orc:2    | Found Bonaef's Book Shop.
  7430 | Orc:2    | Found Fapu's Weapon Boutique.
  7430 | Orc:2    | Noticed an ogre mage
  7442 | Orc:2    | Killed an orc high priest
  7446 | Orc:2    | Found a staircase to the Elven Halls.
  7448 | Orc:2    | Noticed an Executioner
  7448 | Orc:2    | Killed an ogre mage
  7455 | Orc:2    | Killed an ogre mage
  7462 | Orc:2    | tstbtto: !lg * de nrune=15 turns=min -log
  7463 | Orc:2    | beem: 'min' is not an integer in 'turn=min'
  7475 | Orc:2    | tstbtto: !lg * de nrune=15 min=turns -log
  7476 | Orc:2    | beem: 681. Sapher, XL25 DEWz, T:25058: http://dobrazupa.org/morgue/Sapher/morgue-Sapher-20120923-134310.txt
  7530 | Orc:2    | Found Nuweivve's Magic Scroll Boutique.
  7532 | Orc:2    | Found Icofoniw's Magic Scroll Shoppe.
  7556 | Orc:2    | 4thArraOfDagon: didnt work on it yet^^
  7574 | Orc:2    | tstbtto: hi :)
  7583 | Orc:2    | Found Tofuku's Antique Weapon Shoppe.
  7627 | Orc:2    | 4thArraOfDagon: sp
  7649 | Orc:2    | tstbtto: I was getting some other result. Wrong query probably?
  7732 | Orc:2    | tstbtto: 25k seems impossible to beat
  7738 | Orc:2    | Got a faintly glowing chain mail
  7742 | Orc:2    | Got a transparent chain mail
  7743 | Orc:2    | wo
  7879 | Orc:1    | Found a bloodstained altar of Trog.
  8027 | Orc:2    | Bought a scroll of enchant weapon for 97 gold pieces
  8032 | Orc:2    | Bought a scroll of magic mapping for 49 gold pieces
  8032 | Orc:2    | Bought a scroll of enchant weapon for 105 gold pieces
  8032 | Orc:2    | Bought a scroll of acquirement for 728 gold pieces
  8041 | Orc:2    | Bought a scroll of enchant armour for 105 gold pieces
  8041 | Orc:2    | Bought a scroll of identify for 28 gold pieces
  8041 | Orc:2    | Bought a scroll of identify for 28 gold pieces
  8116 | Elf:1    | Entered Level 1 of the Elven Halls
  8137 | Elf:1    | Reached skill level 8 in Armour
  8213 | Elf:1    | Noticed a deep elf high priest
  8362 | D:11     | Noticed a seven-headed hydra
  8369 | D:11     | Killed a seven-headed hydra
  8507 | D:11     | Reached skill level 1 in Dodging
  8695 | Orc:2    | Bought a scroll of remove curse for 42 gold pieces
  8705 | Orc:2    | Identified the +1 chain mail "Hidath" {*Corrode Str+4 Int+2} (You found it on level 2 of the Orcish Mines)
  8715 | Orc:2    | Identified the +7 chain mail of Sloth {rF++ rC+ Dex-2} (You found it on level 2 of the Orcish Mines)
  9232 | D:8      | Reached skill level 5 in Fighting
  9232 | D:8      | Reached XP level 13. HP: 90/100 MP: 19/19
  9240 | D:8      | Gained mutation: [You are occasionally teleported next to monsters.] [mutagenic meat]
  9246 | D:8      | Gained mutation: You passively map a small area around you. [mutagenic meat]
  9254 | D:8      | Lost mutation: Your spells are a little easier to cast, but a little less powerful. [mutagenic meat]
  9257 | D:8      | Lost mutation: Your mind is acute. (Int +2) [mutagenic meat]
  9296 | D:8      | Gained mutation: You tend to lose your temper in combat. [mutagenic meat]
  9299 | D:8      | Gained mutation: Your system is resistant to poisons. (rPois) [mutagenic meat]
  9302 | D:8      | Gained mutation: You have a pair of small antennae on your head. [mutagenic meat]
  9305 | D:8      | Gained mutation: You are agile. (Dex +2) [mutagenic meat]
  9463 | D:8      | Reached ***** piety under Lugonu
  9492 | D:8      | Found a staircase to the Lair.
  9520 | D:8      | :/
  9634 | Lair:1   | Entered Level 1 of the Lair of Beasts
  9634 | Lair:1   | Found a shimmering altar of Xom.
  9634 | Lair:1   | Noticed Fannar
  9655 | Lair:1   | Killed Fannar
  9937 | Lair:2   | Reached XP level 14. HP: 76/110 MP: 20/20
  9957 | Lair:2   | Learned a level 6 spell: Haste
 10169 | Lair:2   | Reached skill level 9 in Armour
 10394 | Lair:3   | Found a dark tunnel.
 10403 | Volcano  | Entered a volcano
 10458 | Volcano  | Found a radiant altar of Vehumet.
 10926 | Lair:4   | Reached skill level 5 in Dodging
 10948 | Lair:4   | Noticed an entropy weaver
 11147 | Lair:4   | Turgon: @? cato
 11150 | Lair:4   | beem: unknown monster: "cato"
 11170 | Lair:4   | Turgon: @? catoblepas
 11172 | Lair:4   | beem: catoblepas (Y)
                  | Spd:
    10 | HD: 14   | HP: 62-89
                  | AC/EV: 10/2
                  | Dam: 36
                  | Res: magic(100)
                  | XP: 940
                  | Sp: petrifying cloud (2d6) [!AM, !sil]
                  | Sz: Big
                  | Int: animal.
 11233 | Lair:5   | Turgon: ?? HD
 11234 | Lair:5   | beem: hd[1/5]: Hit Dice; essentially a monster's experience level. Affects a monster's: magic resistance, spell power, experience value, accuracy, forms it can polymorph into, and susceptibility to some spells such as mephitic cloud and confusing touch.
 11419 | Lair:6   | Entered Level 6 of the Lair of Beasts
 11489 | Lair:5   | Reached ****** piety under Lugonu
 11557 | Lair:5   | Noticed Nessos
 11569 | Lair:5   | Killed Nessos
 11571 | Lair:5   | Turgon: @? nessos
 11571 | Lair:5   | beem: Nessos (c)
                  | Spd:
    15 | HD: 9    | HP: 63-84
                  | AC/EV: 8/7
                  | Dam: 16
                  | weapons, items, doors, archer, spellcaster
                  | Res: magic(20)
                  | XP: 1327
                  | Sp: blink range, haste
                  | Sz: Large
                  | Int: human.
 11757 | Lair:6   | Turgon: @? trj
 11758 | Lair:6   | beem: unknown monster: "trj"
 11850 | Lair:6   | Found a staircase to the Slime Pits.
 12268 | Lair:6   | Reached skill level 10 in Armour
 12335 | Lair:6   | Turgon: ?? sack
 12337 | Lair:6   | beem: sack ~ sick[1/2]: When you are sick, your hit points do not regenerate, and you may occasionally suffer one-point stat drains. The stat drains can be avoided with a ring of sustain abilities, and the sickness can be removed most commonly with time or with a potion of curing.
 12365 | Lair:6   | Turgon: ?? sack of spiders
 12367 | Lair:6   | beem: sack of spiders[1/2]: When evoked, generates friendly spiders and webs. Has a 1 in 3 chance of self-destructing after use, and a 5 in (10+Evo) chance of having no effect. The kinds of spiders you get vary with evocations; at really high evocations you get the occasional ghost moth.
 12371 | Lair:6   | Reached skill level 1 in Shields
 12490 | Lair:6   | Turgon: ?? sack of spiders [2]
 12490 | Lair:6   | beem: sack of spiders[2/2]: Probably the best item in the game.
 13120 | Lair:5   | Reached XP level 15. HP: 114/124 MP: 21/21
 13122 | Lair:5   | Noticed Rupert
 13163 | Lair:5   | Paralysed by Rupert for 3 turns
 13174 | Lair:5   | Killed Rupert
 13379 | Lair:4   | tstbtto: are you going to corrupt your other dtrident?
 13521 | Lair:4   | Reached skill level 5 in Shields
 13564 | Lair:4   | Found a staircase to the Swamp.
 13628 | Swamp:1  | Entered Level 1 of the Swamp
 13628 | Swamp:1  | Noticed p0werm0de's ghost (journeyman DsBe)
 13643 | Swamp:1  | Turgon: If I know 4thArra correctly he won't
 13651 | Swamp:1  | Corrupted Swamp:1
 13651 | Swamp:1  | Noticed a bone dragon
 13656 | Swamp:1  | Noticed a tentacled starspawn
 13664 | Swamp:1  | Killed p0werm0de's ghost
 13738 | Swamp:1  | Noticed Josephine
 13764 | Swamp:1  | Killed Josephine
 14144 | Swamp:2  | tstbtto: isn't it a good choice against tough melee threats?
 14320 | Swamp:3  | Turgon: isn't a dTrident of elec a good choice against tough melee threats?
 14698 | Swamp:3  | tstbtto: it is. It won't work as a means to avoid fight when you'd like to though
 14799 | Swamp:3  | Reached skill level 1 in Spellcasting
 14816 | Swamp:3  | tstbtto: like in depths
 15065 | Swamp:3  | Got a shimmering ring mail
 15078 | Swamp:4  | Entered Level 4 of the Swamp
 15103 | Swamp:4  | Identified the +4 ring mail of Ruip {Dex+6} (You found it on level 3 of the Swamp)
 15139 | Swamp:4  | Learned a level 3 spell: Regeneration
 15189 | Swamp:4  | Reached skill level 1 in Necromancy
 15339 | Swamp:4  | Reached skill level 1 in Charms
 15452 | Swamp:4  | Turgon: @? lernaean
 15453 | Swamp:4  | beem: unknown monster: "lernaean"
 15463 | Swamp:4  | Turgon: @? lernaean hydra
 15464 | Swamp:4  | beem: the Lernaean hydra (D)
                  | Spd: 10 (swim: 60%)
                  | HD: 30
                  | HP: 131-176
                  | AC/EV: 0/5
                  | Dam: 18 per head
                  | amphibious, cold-blooded, regen
                  | Res: magic(120), poison, drown
                  | Chunks: noxious
                  | XP:
  5250 | Sz: Giant | Int: animal.
 15531 | Swamp:4  | Corrupted Swamp:4
 15531 | Swamp:4  | Noticed a tentacled starspawn
 15545 | Swamp:4  | Noticed a tentacled starspawn
 15548 | Swamp:4  | Killed a thorn hunter
 15556 | Swamp:4  | Noticed a tentacled starspawn
 15687 | Swamp:4  | Got a decaying rune of Zot
 15804 | Swamp:2  | Turgon: @? swamp dragon
 15805 | Swamp:2  | beem: swamp dragon (D)
                  | Spd:
    10 | HD: 9    | HP: 54-80
                  | AC/EV: 7/7
                  | Dam: 20, 11, 11(trample)
                  | fly
                  | Res: magic(40), poison, drown
                  | Chunks: noxious
                  | XP: 697
                  | Sp: poisonous cloud (3d7) [!AM, !sil, breath]
                  | Sz: Giant
                  | Int: animal.
 15876 | Swamp:2  | Turgon: @? spiny
 15877 | Swamp:2  | beem: unknown monster: "spiny"
 15889 | Swamp:2  | Turgon: @? spiny frog
 15891 | Swamp:2  | beem: spiny frog (F)
                  | Spd: 12 (swim: 60%)
                  | HD: 7
                  | HP: 32-44
                  | AC/EV: 6/9
                  | Dam: 26(poison:14-28)
                  | amphibious, cold-blooded
                  | Res: magic(20), poison, drown
                  | Chunks: noxious
                  | XP:
   407 | Sz: Medium | Int: animal.
 16102 | Lair:2   | Turgon: ?? corrupt
 16105 | Lair:2   | beem: corruption[1/2]: Makes a chunk of the current floor more Abyss-like, by shifting walls and summoning a lot of neutral creatures for 600+ turns. Useful to kill everything and to break into certain vaults. May convert altars to Lugonu altars. Usable once per floor, not usable in the Abyss. Cannot alter unnaturally hard walls.
 16177 | Lair:2   | Learned a level 3 spell: Spectral Weapon
 16177 | Lair:2   | Turgon: ?? corrupt 2
 16177 | Lair:2   | beem: I don't have a page labeled corrupt_2 in my learndb.
 16191 | Lair:2   | Turgon: ?? corrupt [2]
 16193 | Lair:2   | beem: corruption[2/2]: Don't overlook this ability. Can reliably take out the majority of uniques, including Mennas and most hellpanlords.
 16316 | Lair:4   | Turgon: ?? hellpanlord
 16319 | Lair:4   | beem: I don't have a page labeled hellpanlord in my learndb.
 16334 | Lair:4   | Turgon: lol
 16367 | Lair:4   | Learned a level 1 spell: Apportation
 16389 | Lair:4   | Found a staircase to the Snake Pit.
 16406 | Snake:1  | Entered Level 1 of the Snake Pit
 16535 | Snake:1  | Reached skill level 1 in Hexes
 16540 | Snake:1  | Noticed a greater naga
 16549 | Snake:1  | Corrupted Snake:1
 16549 | Snake:1  | Noticed a lich
 16556 | Snake:1  | Killed a greater naga
 16598 | Snake:1  | Noticed a tentacled starspawn
 16603 | Snake:1  | Noticed a hellephant
 16942 | Snake:1  | no stairs:o
 16960 | Snake:1  | 4thArraOfDagon: :O
 16960 | Snake:1  | You fall through a shaft!
 16960 | Snake:2  | Noticed Agnes
 16961 | Snake:2  | Corrupted Snake:2
 16961 | Snake:2  | Noticed an ancient lich
 16961 | Snake:2  | Noticed a tentacled starspawn
 16961 | Snake:2  | Noticed an Executioner
 16961 | Snake:2  | Noticed a tentacled starspawn
 16961 | Snake:2  | Noticed a hellephant
 16967 | Snake:2  | Killed Agnes
 16972 | Snake:2  | Killed Aizul
 16996 | Snake:2  | Turgon: surprised how often you use corrupt
 16997 | Snake:2  | Turgon: It's not that cheap
 17026 | Snake:2  | Gained mutation: Your flesh is very heat resistant. (rF++) [mutagenic meat]
 17093 | Snake:1  | Turgon: However, agnes was killed
 17349 | Snake:4  | Entered Level 4 of the Snake Pit
 17356 | Snake:4  | Reached XP level 16. HP: 132/132 MP: 21/21
 17491 | Snake:4  | Lost mutation: [Your magical capacity is low. (-10% MP)] [mutagenic meat]
 17522 | Snake:4  | Turgon: &dump 4thArraOfDagon
 17525 | Snake:4  | beem: http://CRAWL.XTAHUA.COM/crawl/morgue/4thArraOfDagon/4thArraOfDagon.txt
 17642 | Snake:4  | 4thArraOfDagon: uhhh
 17642 | Snake:4  | 4thArraOfDagon: it will take too much time :(
 17642 | Snake:4  | 4thArraOfDagon: going back and forth
 17642 | Snake:4  | Turgon: what are you aiming for?
 17642 | Snake:4  | Corrupted Snake:4
 17642 | Snake:4  | Noticed an Executioner
 17642 | Snake:4  | Noticed a tentacled starspawn
 17703 | Snake:4  | Killed Vashnia
 17830 | Snake:4  | Reached skill level 5 in Spellcasting
 17901 | Snake:4  | Lost mutation: You have a pair of small antennae on your head. [mutagenic meat]
 17908 | Snake:4  | Lost mutation: Your system is resistant to poisons. (rPois) [mutagenic meat]
 17927 | Snake:4  | Gained mutation: You are surrounded by a mild repulsion field. (EV +2) [mutagenic meat]
 18044 | Snake:4  | Turgon: Chain mail -> no spectral weapon
 18118 | Snake:4  | Reached skill level 5 in Charms
 18124 | Snake:4  | Got a serpentine rune of Zot
 18190 | Snake:3  | Reached skill level 5 in Necromancy
 18494 | Slime:1  | Entered Level 1 of the Pits of Slime
 18494 | Slime:1  | Noticed an acid blob
 18494 | Slime:1  | Noticed an acid blob
 18555 | Lair:4   | Turgon: 100000 slime creatures come into view
 19115 | Elf:1    | Reached skill level 5 in Evocations
 19453 | Elf:2    | Found a huge runed gate.
 19453 | Elf:2    | Found a huge runed gate.
 19453 | Elf:2    | Found a huge runed gate.
 19453 | Elf:2    | Found a huge runed gate.
 19453 | Elf:2    | Found a huge runed gate.
 19453 | Elf:2    | Found a huge runed gate.
 19453 | Elf:2    | Found a huge runed gate.
 19453 | Elf:2    | Found a huge runed gate.
 19453 | Elf:2    | Found a huge runed gate.
 19543 | Elf:3    | Entered Level 3 of the Elven Halls
 19567 | Elf:3    | Found Xaces's Weapon Shoppe.
 19657 | Elf:3    | Found Rutiycwe's Gadget Emporium.
 19690 | Elf:3    | Found Ivocres's General Store.
 19694 | Elf:3    | Bought a scroll of teleportation for 39 gold pieces
 19694 | Elf:3    | Bought a potion of magic for 104 gold pieces
 19739 | Elf:3    | Learned a level 8 spell: Controlled Blink
 19757 | Elf:3    | Corrupted Elf:3
 19757 | Elf:3    | Noticed a tentacled starspawn
 19757 | Elf:3    | Noticed a tentacled starspawn
 19760 | Elf:3    | Noticed a deep elf blademaster
 19768 | Elf:3    | Noticed a Tzitzimitl
 19770 | Elf:3    | Noticed a deep elf blademaster
 19772 | Elf:3    | Killed a deep elf master archer
 19780 | Elf:3    | Killed a deep elf master archer
 19784 | Elf:3    | Killed a deep elf blademaster
 19796 | Elf:3    | Noticed a lich
 19801 | Elf:3    | Killed a deep elf blademaster
 19816 | Elf:3    | Noticed a Brimstone Fiend
 19850 | Elf:3    | Turgon: wow
 19862 | Elf:3    | Turgon: lugonu's friends did good work
 19960 | Elf:3    | Got a crystal trident {freeze}
 19961 | Elf:3    | Identified the +4 trident of the Seven Ghosts {freeze, +Fly rN++ Str-4 Stlth+} (You took it off a deep elf death mage on level 3 of the Elven Halls)
 20016 | Elf:3    | Turgon: keep 2nd dTrident elec?
 20058 | Elf:3    | Turgon: it's better than mundane dTrident
 20099 | Elf:3    | Reached XP level 17. HP: 71/137 MP: 22/27
 20136 | Elf:3    | Got a brightly glowing pewter amulet
 20138 | Elf:3    | Identified the amulet "Camegits" {Dismiss rElec rPois Slay+3} (You found it on level 3 of the Elven Halls)
 20156 | Elf:3    | Got a smoking chain mail
 20167 | Elf:3    | Identified the cursed +1 chain mail "Sagereklas" {*Corrode rPois Str+2 Int+3} (You found it on level 3 of the Elven Halls)
 20324 | Elf:3    | Found Siogiowe's Magic Scroll Shoppe.
 20334 | Elf:3    | Bought a scroll of fog for 30 gold pieces
 20334 | Elf:3    | Bought a scroll of fog for 30 gold pieces
 20345 | Elf:3    | Found Nikig's Distillery.
 20355 | Elf:3    | Bought a potion of brilliance for 60 gold pieces
 20355 | Elf:3    | Bought a potion of curing for 45 gold pieces
 20355 | Elf:3    | Bought a potion of curing for 45 gold pieces
 20355 | Elf:3    | Bought a potion of heal wounds for 75 gold pieces
 20355 | Elf:3    | Bought a potion of brilliance for 60 gold pieces
 20355 | Elf:3    | Bought a potion of agility for 60 gold pieces
 20434 | Elf:3    | Found Vappa's Gadget Emporium.
 20434 | Elf:3    | Found Komeh's Jewellery Shop.
 20435 | Elf:3    | Found Hoaf's Jewellery Shop.
 20656 | Elf:2    | Found a huge runed gate.
 20657 | Elf:2    | Found a huge runed gate.
 20764 | Elf:1    | Found Iqoem's Jewellery Shoppe.
 20770 | Elf:1    | Bought the ring "Coasain" {rPois rF+ rC+ Int+3 Dex+4} for 724 gold pieces
 20770 | Elf:1    | Bought an uncursed ring of resist corrosion for 260 gold pieces
 21227 | Lair:6   | jacquesderrida: tee ess tee beater
 21237 | Lair:6   | jacquesderrida: The master pakeman
 21338 | Slime:1  | Killed an acid blob
 21388 | Slime:1  | Noticed an acid blob
 21394 | Slime:1  | Killed an acid blob
 21397 | Slime:1  | Killed an acid blob
 21408 | Slime:1  | Noticed an acid blob
 21415 | Slime:1  | Killed an acid blob
 21493 | Slime:1  | Reached skill level 11 in Armour
 21521 | Slime:1  | Noticed an acid blob
 21533 | Slime:1  | Killed an acid blob
 21618 | Slime:2  | Noticed an acid blob
 21618 | Slime:2  | Noticed an acid blob
 21707 | Slime:1  | tstbtto: jacques, fleshy bastard. Your body will die soon, and your mind will follow. Poor human.
 21822 | Slime:2  | Killed an acid blob
 21880 | Slime:2  | Killed an acid blob
 21956 | Slime:3  | Lost mutation: [You are occasionally teleported next to monsters.] [potion of cure mutation]
 21956 | Slime:3  | Lost mutation: You are covered in fur. (AC +1) [potion of cure mutation]
 21956 | Slime:3  | Lost mutation: [You are weak. (Str -2)] [potion of cure mutation]
 21956 | Slime:3  | Lost mutation: You tend to lose your temper in combat. [potion of cure mutation]
 21956 | Slime:3  | Lost mutation: You passively map a small area around you. [potion of cure mutation]
 21957 | Slime:3  | :O)
 21973 | Slime:5  | Entered Level 5 of the Pits of Slime
 21980 | Slime:5  | Reached skill level 12 in Armour
 21998 | Slime:5  | Noticed an acid blob
 22003 | Slime:4  | Noticed an acid blob
 22007 | Slime:4  | jacquesderrida: Little bartern...
 22010 | Slime:4  | Killed an acid blob
 22029 | Slime:4  | jacquesderrida: Welcome to world
 22056 | Slime:4  | 4thArraOfDagon: welcome
 22056 | Slime:4  | 4thArraOfDagon: to the real world
 22064 | Slime:5  | Killed an acid blob
 22251 | Slime:5  | Noticed an acid blob
 22278 | Slime:5  | Killed an acid blob
 22387 | Slime:5  | Gained mutation: [Your magical capacity is low. (-10% MP)] [a shining eye]
 22482 | Slime:5  | Noticed the Royal Jelly
 22496 | Slime:5  | Noticed an acid blob
 22496 | Slime:5  | Noticed an acid blob
 22496 | Slime:5  | Noticed an acid blob
 22496 | Slime:5  | Noticed an acid blob
 22506 | Slime:5  | Killed an acid blob
 22511 | Slime:5  | Killed an acid blob
 22519 | Slime:5  | Killed an acid blob
 22520 | Slime:5  | Killed an acid blob
 22527 | Slime:5  | Noticed an acid blob
 22527 | Slime:5  | Killed the Royal Jelly
 22527 | Slime:5  | Reached skill level 13 in Armour
 22527 | Slime:5  | Reached XP level 18. HP: 75/144 MP: 17/25
 22681 | Slime:5  | Identified the +1 pair of gloves "Qopiavag" {*Confuse +Inv rC+++ Regen+} (You found it on level 5 of the Pits of Slime)
 22692 | Slime:5  | Got a coiled marble ring
 22694 | Slime:5  | Got a slimy rune of Zot
 22699 | Slime:5  | Identified the ring "Byddinn" {+Inv AC+3 Str+2 Dex+4} (You found it on level 5 of the Pits of Slime)
 23183 | Elf:1    | Bought the ring "Vaefakh" {rN++ MR++ AC+5 Dex-3} for 969 gold pieces
 23406 | D:7      | Found a sparkling altar of Nemelex Xobeh.
 23764 | Temple   | Entered the Ecumenical Temple
 23807 | Temple   | Fell from the grace of Lugonu
 23807 | Temple   | Became a worshipper of Ashenzari the Shackled
 24132 | D:14     | Found a blossoming altar of Fedhas.
 24406 | D:15     | Found a staircase to the Depths.
 24680 | D:15     | Reached * piety under Ashenzari
 24705 | Depths:1 | Entered Level 1 of the Depths
 24740 | Depths:1 | Reached skill level 14 in Armour
 24929 | Depths:2 | Noticed Mara
 25056 | Depths:3 | Found a gateway to Hell.
 25065 | Depths:3 | Found a one-way gate to the infinite horrors of the Abyss.
 25321 | Depths:4 | Found a magical portal.
 25326 | WizLab   | Entered Cigotuvi's Fleshworks
 25490 | WizLab   | Reached skill level 15 in Armour
 25705 | WizLab   | Identified Cigotuvi's Incunabulum of Shape Shifting and Evil Arts (You found it in a wizard's laboratory)
 25707 | WizLab   | Identified Uleedov's Disquisition on Changing (You found it in a wizard's laboratory)
 25740 | WizLab   | Cast into level 4 of the Abyss (Lugonu's touch)
 25898 | Abyss:4  | Reached ** piety under Ashenzari
 26004 | Abyss:4  | Paralysed by accursed screaming for 2 turns
 26008 | Abyss:4  | Got an abyssal rune of Zot
 26012 | Abyss:4  | Paralysed by accursed screaming for 1 turns
 26014 | Abyss:4  | Paralysed by accursed screaming for 2 turns
 26258 | Abyss:4  | Gained mutation: [You are very weak. (Str -4)] [a neqoxec]
 26266 | Abyss:4  | Gained mutation: [You are very frail. (-20% HP)] [a neqoxec]
 26275 | Abyss:4  | Reached XP level 19. HP: 90/120 MP: 16/20
 26288 | WizLab   | Escaped the Abyss
 26294 | WizLab   | HP: 5/120 [Cigotuvi's Monster (10)]
 26295 | WizLab   | Slain by Cigotuvi's Monster

Vault maps used:
D:1:      dpeg_arrival_tiny_i
D:2:      hex_medium, uniq_iyjb
D:3:      gup_sewer_entry_pipe, grunt_qazlal_sundering
D:4:      kiku_gazebo_pond_becter, uniq_blork_the_orc
D:5:      first_bread, lemuel_blue_sif_altar
D:6:      serial_shops, nicolae_shop_stone, shop, kennysheep_little_box, shop
D:7:      overflow_temple_1_default, gammafunk_temple_overflow_claw
D:8:      hangedman_cross_veins, lemuel_crystal_altar, david_lair_generic,
          hangedman_pestilent_swarm, kennysheep_cross_room,
          nemelex_spade_bored_becter
D:9:      trog_eyes_of_draining, old_standard_altar, minivault_19,
          item_on_display_a
D:10:     kennysheep_kobold_lugonu_temple, serial_shops, shop
D:11:     zombieorc1_lemuel, laboratory, uniq_urug, uniq_erolcha
D:12:     hangedman_arrow_trap, uniq_sonja
D:13:     david_vaults_4, basic_altar, kennysheep_generic_room_8
D:14:     fedhas_altar_3, lab_entry_generic, kennysheep_small_square
D:15:     gammafunk_depths_entry_grave, kennysheep_pointless_box
Temple:   nicolae_temple_god_jail
Lair:1:   minivault_25, lemuel_oklob_altar, uniq_fannar
Lair:2:   kennysheep_abandoned_house
Lair:3:   enter_volcano_2, beast_lair_carwin_3
Lair:4:   dpeg_oklob_gauntlet, nicolae_swamp_entry_splash_gauntlet,
          guppyfry_snake_entry_garden, zaba_anthell
Lair:5:   uniq_nessos, uniq_rupert
Lair:6:   minmay_lair_end_enchanted_forest, nicolae_slime_entry_slimehenge,
          st_stairs_6, grunt_megastairs_4, lemuel_fruit_fields,
          infiniplex_staircase_pool
Swamp:1:  hangedman_swamp_lotus, infiniplex_staircase_pool_2, uniq_josephine
Swamp:2:  evilmike_swamp_ruin_house_4, swamp_pool5
Swamp:3:  evilmike_swamp_ruin_rubble_1
Swamp:4:  swamp_basic_johnstein, grunt_witch_cave
Snake:1:  nicolae_snake_hallway, serial_bayou_lake_a
Snake:2:  grunt_ministairs_7, uniq_aizul, uniq_agnes
Snake:3:  grunt_megastairs_2
Snake:4:  johnstein_snake_rune_scales
Slime:4:  cheibrodos_slime_lost_civilization_7
Orc:1:    serial_shops, shop, basic_altar
Orc:2:    st_orc_open, serial_shops, shop, elf_legates
Elf:1:    serial_shops, shop, minmay_elf_crystal_heptagon, feat_on_display,
          grunt_megastairs_3
Elf:2:    nicolae_elf_v_pinch, grunt_ministairs_6, minivault_16,
          corner_web_ring, door_vault, uniq_azrael
Elf:3:    elf_hall, serial_shops, nicolae_shop_window_shopping, shop, shop,
          nicolae_shop_statue_plus, nicolae_shop_behind_doors, minmay_shop_grove
Depths:1: enter_ziggurat_e, rand_demon_pan_entry_8, grunt_hell_entry_dis_mu,
          minmay_misc_feat_hallway, grunt_ministairs_3, minmay_misc_feat_tiny,
          serial_bayou_shore_b
Depths:2: angbandy_vault, hangedman_abyss_entry_splay,
          serial_sigils_hangedman_scratch, grunt_mini_vestibule, uniq_jorgrun,
          uniq_mara
Depths:3: thingy_vault_2, abyss_entry, hell_entry, cheibriados_altar_1,
          pan_entry, minmay_staircase_windowed_small, minmay_shoptagon
Depths:4: minmay_stepped, pf_hell_entry_tar_river, abyss_entry,
          mu_enter_wizlab_1, st_stairs_7, kennysheep_random_hallway
Abyss:2:  evilmike_abyss_exit_15
Abyss:3:  hangedman_elemental_corridor, evilmike_abyss_exit_chaos
Abyss:4:  nicolae_abyss_rune_star_stuff
Lab:      nicolae_lab_dead_adventurers
Sewer:    sewer_minmay_treatment
Volcano:  volcano_lake
WizLab:   wizlab_cigotuvi

Skill      XL: |  1  2  3  4  5  6  7  8  9 10 11 12 13 14 15 16 17 18 |
---------------+-------------------------------------------------------+-----
Polearms       | 2 3 4 5 6 8 9 10 12 14 | 14.0
Invocations    | 3 4 5 6 7 9 10 11 | 11.1
Armour         | 2 3 4 5 6 7 8 10 13 15 | 15.5
Evocations     | 3 5 |  5.6
Dodging        | 3 4 7 8 |  8.4
Fighting       | 5 6 9 |  9.0
Shields        | 3 6 |  6.0
Spellcasting   | 4 6 7 |  7.1
Necromancy     | 2 6 7 |  7.0
Charms         | 3 6 7 |  7.3
Hexes          | 2 |  2.6

Action                   |  1- 3 |  4- 6 |  7- 9 | 10-12 | 13-15 | 16-18 | 19-21 || total
-------------------------+-------+-------+-------+-------+-------+-------+-------++-------
Melee: Spear             |   115 |   309 |   256 |       |       |       |       ||   680
       Kick              |    13 |    51 |    62 |   121 |   378 |   566 |     1 ||  1192
       Halberd           |       |    14 |    14 |       |       |       |       ||    28
       Glaive            |       |       |    52 |       |       |       |       ||    52
       Demon trident     |       |       |     9 |   724 |  1770 |  1848 |     9 ||  4360
 Fire: Blowgun           |       |    25 |     2 |       |       |       |       ||    27
Throw: Throwing net      |       |     2 |     3 |       |       |       |       ||     5
       Javelin           |       |     1 |     1 |       |       |       |       ||     2
 Cast: Regeneration      |       |       |       |       |     9 |    84 |     1 ||    94
       Spectral Weapon   |       |       |       |       |     4 |    75 |     1 ||    80
       Repel Missiles    |       |       |       |       |       |     6 |       ||     6
       Apportation       |       |       |       |       |       |     2 |       ||     2
Invok: Depart the Abyss  |     1 |       |       |       |       |       |       ||     1
       Banish            |       |       |     8 |     7 |     8 |       |       ||    23
       Corrupt           |       |       |     1 |     2 |     4 |     2 |       ||     9
       Bend Space        |       |       |       |       |     2 |       |       ||     2
       Curse Item        |       |       |       |       |       |     5 |       ||     5
 Abil: Evoke Invisibilit |       |       |       |     1 |       |       |       ||     1
Evoke: Wand              |       |       |    15 |     9 |     6 |    14 |       ||    44
       Sack of spiders   |       |       |       |       |     2 |       |       ||     2
       Box of beasts     |       |       |       |       |     1 |       |       ||     1
       Phantom mirror    |       |       |       |       |       |     1 |       ||     1
  Use: Scroll            |     2 |       |    14 |    13 |    24 |    20 |       ||    73
       Potion            |     2 |     2 |     4 |     8 |     4 |    14 |     1 ||    35
 Stab: Paralysed         |       |       |    16 |     2 |     5 |       |       ||    23
       Distracted        |       |       |       |     2 |     1 |     7 |       ||    10
       Confused          |       |       |       |     1 |       |       |       ||     1
       Invisible         |       |       |       |     2 |       |       |       ||     2
  Eat: Chunk             |       |     5 |     4 |    37 |    50 |    33 |       ||   129
       Meat ration       |       |       |     1 |       |       |     2 |       ||     3
       Bread ration      |       |       |     1 |       |       |       |       ||     1
       Beef jerky        |       |       |       |     2 |     2 |     1 |       ||     5
       Pizza             |       |       |       |       |     1 |     2 |       ||     3
       Royal jelly       |       |       |       |       |     1 |       |       ||     1
       Fruit             |       |       |       |       |       |    14 |       ||    14
Armor: Plate armour      |    72 |   198 |   176 |    95 |       |       |       ||   541
       Troll leather arm |       |       |       |    87 |   312 |   215 |       ||   614
       Scale mail        |       |       |       |     5 |       |       |       ||     5
       Chain mail        |       |       |       |    30 |   258 |   578 |    19 ||   885
Dodge: Dodged            |     6 |    40 |    26 |    94 |   355 |   454 |     4 ||   979
       Deflected         |       |       |       |       |       |    16 |       ||    16
Block: Buckler           |       |       |       |       |   195 |   374 |     8 ||   577
